 Dungeon Crawl Stone Soup version 0.28-a0-793-g31680bbd8b (webtiles) character file.

Game seed: 5486642851383993594

834 kae the Summoner (level 7, -13/24 (32) HPs)
             Began as a Vine Stalker Summoner on Nov 3, 2021.
             Was an Initiate of Ashenzari.
             Mangled by a wight (18 damage)
             ... on level 3 of the Dungeon.
             The game lasted 00:08:43 (6419 turns).

kae the Summoner (Vine Stalker Summoner)            Turns: 6419, Time: 00:08:43

HP:   -13/24 (32)   AC:  2    Str: 11    XL:     7   Next: 98%
MP:   0/16          EV: 12    Int: 17    God:    Ashenzari [......]
Gold: 102           SH:  0    Dex: 14    Spells: 10/16 levels left

rFire   . . .      SeeInvis .   e - +1 dagger (protect)
rCold   . . .      Faith    .   (no shield)
rNeg    . . .      Spirit   +   a - +0 robe
rPois   .          Reflect  .   (no helmet)
rElec   .          Harm     .   (no cloak)
rCorr   .          Rampage  .   (no gloves)
Will    .....                   (no boots)
Stlth   ++........              (no amulet)
HPRegen 1.08/turn               (no ring)
MPRegen 0.15/turn               (no ring)

@: very heavily drained
A: fangs 2, regeneration 1, magic shield, antimagic bite, no potion heal 2
a: Renounce Religion


You were on level 3 of the Dungeon.
You worshipped Ashenzari.
Ashenzari was noncommittal.
You visited 2 branches of the dungeon, and saw 5 of its levels.

You collected 102 gold pieces.

Inventory:

Hand Weapons
 e - a +1 dagger of protection (weapon)
Missiles
 c - a throwing net
Armour
 a - a +0 robe (worn)
Jewellery
 i - a +6 ring of dexterity
 k - a +4 ring of evasion
 l - a ring of positive energy
Wands
 d - a wand of acid (14)
Scrolls
 b - a scroll of identify
Potions
 f - a potion of haste
 g - a potion of brilliance
 j - 2 potions of mutation
 n - 2 potions of degeneration
 o - a potion of heal wounds {unknown}


   Skills:
 - Level 1.5 Dodging
 - Level 2.4 Stealth
 + Level 5.4 Spellcasting
 * Level 8.2 Summonings


You had 10 spell levels left.
You knew the following spells:

 Your Spells              Type           Power      Damage    Failure   Level
a - Summon Small Mammal   Summ           100%       N/A       1%          1
b - Call Imp              Summ           32%        N/A       1%          2
c - Call Canine Familiar  Summ           32%        N/A       1%          3

Your spell library contained the following spells:

 Spells                   Type           Power      Damage    Failure   Level
 Summon Guardian Golem    Hex/Summ       18%        N/A       8%          3
 Summon Lightning Spire   Summ/Air       18%        N/A       26%         4


Dungeon Overview and Level Annotations

Branches:
Dungeon (4/15)             Temple (1/1) D:4

Altars:
Ashenzari
Cheibriados
Dithmenos
Fedhas
Nemelex Xobeh
Okawaru
Qazlal
Sif Muna
Trog
Uskayaw
Vehumet
Xom
Yredelemnul
The Shining One

Shops:
D:2 [   D:3 (


Innate Abilities, Weirdness & Mutations

You have extremely sharp teeth.
Your natural rate of healing is unusually fast.
When hurt, damage is shared between your health and your magic reserves.
Your bite disrupts and absorbs the magic of your enemies.
Potions cannot restore your health.


Message History

Your crimson imp hits the wight but does no damage.
The wight barely misses your crimson imp.
Your crimson imp hits the wight but does no damage.
The wight barely misses your crimson imp.
Your crimson imp hits the wight but does no damage.
The wight completely misses your crimson imp.
Your crimson imp blinks!
Your quokka bites the wight but does no damage.
Your quokka completely misses the wight.
Your quokka bites the wight.
The wight is destroyed!
Your crimson imp disappears in a puff of smoke!
You start resting.
Your quokka disappears in a puff of smoke! x2
Magic restored.
b - a scroll of identify
Things that are here:
a +3 dagger of freezing; a +0 ring mail
(D) Dungeon (T) Temple
Where to? (Enter - D:4, ? - help)
There is a stone staircase leading down, spattered with blood here.
You climb downwards.
The wight closely misses you. The wight misses you.
There is a stone staircase leading up, spattered with blood here.
A wight is nearby!
Casting: Summon Small Mammal (safe; 1% risk of failure)
Confirm with . or Enter, or press ? or * to list all spells.
The wight hits you with a +3 great sword!
The wight hits you with a +3 great sword!!
Ouch! That really hurt!
* * * LOW HITPOINT WARNING * * *
You feel drained.
* * * LOW HITPOINT WARNING * * *
Okay, then.
Okay, then.
Your quokka barely misses the wight.
The wight barely misses you.
You climb upwards.
Your summoned ally is left behind.
There is a stone staircase leading down, spattered with blood here.
The wight hits you with a +3 great sword!!
Ouch! That really hurt!
You die...

.....##...#...........#
.....##...#...........#
.....##..<#.###########
.....+...#..#
.....#......#
#'####...#..######
#.####...........#
...............z>#
#.#.........)...@#
..#.#.##.........#
#.#.#.##)#######.#########
###.#.##.# #....z....#
....#.##.##############.##
#####.##..rz........ยง...#
# #.################### #
#.# # ##.######


You could see a wight.

Vanquished Creatures
  A water moccasin (D:4)
  An ogre (D:4)
  A phantom (D:4)
  A wight (D:3)
  2 gnolls (D:3)
  3 dart slugs
  3 orcs (D:3)
  An endoplasm (D:2)
  4 giant cockroaches
  A goblin (D:2)
  10 hobgoblins
  A kobold (D:4)
  A quokka (D:1)
  A ball python (D:1)
  4 bats
  5 frilled lizards
  A rat (D:3)
41 creatures vanquished.

Vanquished Creatures (collateral kills)
  2 ogres
  2 wights (D:3)
  A hound (D:4)
  An orc priest (D:3)
  Natasha (thrice) (D:2)
  A gnoll (D:3)
  2 adders
  A worm (D:2)
  2 dart slugs
  4 orcs
  3 endoplasms
  A giant cockroach (D:1)
  2 goblins
  7 hobgoblins
  4 kobolds
  3 quokkas
  3 ball pythons
  4 bats
  3 frilled lizards
  3 rats
52 creatures vanquished.

Grand Total: 93 creatures vanquished

Notes
Turn   | Place    | Note
-------+----------+-------------------------------------------
     0 | D:1      | kae the Vine Stalker Summoner began the quest for the Orb.
     0 | D:1      | Reached XP level 1. HP: 9/9 MP: 4/4
   661 | D:1      | Reached XP level 2. HP: 13/13 MP: 4/6
  1517 | D:1      | Reached XP level 3. HP: 15/16 MP: 5/7
  1599 | D:1      | Found a faded altar of an unknown god.
  2473 | D:2      | Learned a level 2 spell: Call Imp
  2477 | D:2      | Learned a level 3 spell: Call Canine Familiar
  2800 | D:2      | Noticed Natasha
  2808 | D:2      | Killed Natasha
  2809 | D:2      | Reached skill level 5 in Summonings
  2809 | D:2      | Gained mutation: Your natural rate of healing is unusually
                  | fast. [Vine Stalker growth]
  2809 | D:2      | Reached XP level 4. HP: 15/21 MP: 1/9
  3085 | D:2      | Found a shadowy altar of Dithmenos.
  3106 | D:2      | Found Yphob's Armour Shoppe.
  3326 | D:2      | Noticed Natasha
  3345 | D:2      | Killed Natasha
  3346 | D:2      | Reached XP level 5. HP: 24/24 MP: 9/11
  3402 | D:2      | Noticed Natasha
  3413 | D:2      | Killed Natasha
  3479 | D:3      | Noticed an ogre
  3790 | D:3      | Found Sezam's Weapon Emporium.
  4179 | D:3      | Reached skill level 6 in Summonings
  4322 | D:3      | Reached XP level 6. HP: 28/28 MP: 5/12
  5029 | D:4      | Reached skill level 7 in Summonings
  5029 | D:4      | Reached XP level 7. HP: 32/32 MP: 12/14
  5237 | D:4      | Found a staircase to the Ecumenical Temple.
  5289 | Temple   | Entered the Ecumenical Temple
  5360 | Temple   | Became a worshipper of Ashenzari the Shackled
  5827 | D:3      | Reached skill level 5 in Spellcasting
  6004 | D:4      | Reached skill level 8 in Summonings
  6419 | D:3      | Mangled by a wight

Illustrated notes

Levels and vault maps discovered:
D:1:      nicolae_arrival_somewhat_less_tricky_arrival, layout_basic,
          chequers_ecumenical_altar_simple, serial_rivers,
          chequers_serial_rivers_micro_a, chequers_serial_rivers_large_a,
          chequers_serial_rivers_micro_a, chequers_serial_rivers_small_b,
          chequers_serial_rivers_small_3, minivault_23, minmay_statues_item
D:2:      layout_basic, serial_shops, nicolae_diamond_shop, basic_altar,
          uniq_natasha
D:3:      layout_basic, serial_shops,
          nicolae_shop_temple_entry_statues_fountains
D:4:      layout_rooms, minmay_temple_entry_butterflies, serial_shops, shop
Temple:   cyrus_circular_temple

Skill      XL: |  1  2  3  4  5  6  7 |
---------------+----------------------+-----
Spellcasting   | 3 4 5 |  5.4
Summonings     | 5 6 7 8 |  8.2
Dodging        | |  1.5
Stealth        | |  2.4

Action                   |  1- 3 |  4- 6 |  7- 9 || total
-------------------------+-------+-------+-------++-------
Melee: Unarmed           |   123 |    40 |       ||   163
       Bite              |    34 |    47 |     6 ||    87
       Dagger            |       |   106 |    24 ||   130
 Cast: Summon Small Mamm |    35 |     9 |    19 ||    63
       Call Imp          |     2 |    16 |    10 ||    28
       Call Canine Famil |     1 |    15 |    10 ||    26
  Use: Scroll            |     1 |     2 |     5 ||     8
       Potion            |     1 |       |       ||     1
 Stab: Sleeping          |       |     1 |       ||     1
       Distracted        |       |     2 |       ||     2
Armor: Robe              |    33 |    40 |    10 ||    83
Dodge: Dodged            |   105 |    89 |    41 ||   235

Table legend: (Time is in decaauts)
 A = Elapsed time spent in this place.
 B = Non-inter-level travel time spent in this place.
 C = Inter-level travel time spent in this place.
 D = Time resting spent in this place.
 E = Time spent auto-exploring this place.
 F = Levels seen in this place.
 G = Mean time per level.
                   A        B        C        D        E       F      G
               +--------+--------+--------+--------+--------+-----+--------+
         Total |   6445 |   6163 |    282 |   1978 |   2827 |   5 | 1289.0 |
       Dungeon |   6360 |   6111 |    249 |   1978 |   2785 |   4 | 1590.0 |
        Temple |     84 |     52 |     32 |      0 |     42 |   1 |   84.0 |
               +--------+--------+--------+--------+--------+-----+--------+

Top non-repeatable levels by time:
     D:1: 2481 daAuts
     D:3: 2232 daAuts
     D:2: 1096 daAuts
     D:4: 549 daAuts
  Temple: 84 daAuts
